 Dungeon Crawl Stone Soup version 0.24-a0-415-g6d73c25c48 (webtiles) character file.

Game seed: 11072564293993790504

7 Teknotikka the Ducker (level 1, -6/10 HPs)
             Began as a Felid Berserker on June 7, 2019.
             Was a Follower of Trog.
             Mangled by a gnoll
             ... wielding a +0 spear
              (7 damage)
             ... on level 1 of the Dungeon.
             The game lasted 00:00:32 (181 turns).

Teknotikka the Ducker (Felid Berserker)              Turns: 181, Time: 00:00:33

Health: -6/10      AC:  1    Str: 13    XL:     1   Next: 83%
Magic:  2/2        EV: 19    Int:  8    God:    Trog [*.....]
Gold:   0          SH:  0    Dex: 15    Spells: 0/0 levels left
                                        Lives:  0   Deaths: 0

rFire    . . .     SeeInvis +     - Unarmed
rCold    . . .     Gourm    .   (shield unavailable)
rNeg     . . .     Faith    .   (armour unavailable)
rPois    .         Spirit   .   (helmet unavailable)
rElec    .         Reflect  .   (cloak unavailable)
rCorr    .         Harm     .   (gloves unavailable)
MR       .....                  (boots unavailable)
Stlth    ++........             (no amulet)
HPRegen  0.03/turn              (no ring)
MPRegen  0.08/turn              (no ring)

@: quick
A: very small, no armour, no weapons or thrown items, stealth, claws 1, fangs 3,
see invisible, carnivore, speed 1, shaggy fur 1, slow metabolism 1, sharp paws
a: Berserk, Renounce Religion


You were on level 1 of the Dungeon.
You worshipped Trog.
Trog was aware of your devotion.
You were not hungry.

You visited 1 branch of the dungeon, and saw 1 of its levels.

Inventory:

Scrolls
 b - 3 scrolls of enchant armour {unknown}
 c - a scroll of identify {unknown}
Comestibles
 a - 2 rations


   Skills:
 + Level 3.1 Fighting
 + Level 4.1 Dodging
 + Level 3.2 Unarmed Combat


You couldn't memorise any spells.
You didn't know any spells.
Your spell library was empty.

Dungeon Overview and Level Annotations

Branches:
Dungeon (1/15)

Altars:


Innate Abilities, Weirdness & Mutations

You cannot wear armour.
You are incapable of wielding weapons or throwing items.
Your paws allow you to move quietly. (Stealth)
You have sharp claws.
You have razor-sharp teeth.
You have supernaturally acute eyesight. (SInv)
You are carnivorous and can eat meat at any time.
You cover ground quickly.
You are covered in fur. (AC +1)
You have a slow metabolism.
Your sharp claws are effective at attacking unaware monsters.


Message History

Trog accepts your kill.
You see here a goblin corpse.
You see here a goblin corpse.
You see here a frilled lizard corpse.
There is an open door here.
A gnoll comes into view. It is wielding a +0 spear.
The gnoll shouts!
The gnoll completely misses you. The gnoll misses you. The gnoll misses you.
You barely miss the gnoll. You bite the gnoll.
The gnoll is moderately wounded.
The gnoll hits you with a +0 spear!
Ouch! That really hurt!
* * * LOW HITPOINT WARNING * * *
You scratch the gnoll. Your bite misses the gnoll.
The gnoll is heavily wounded.
The gnoll hits you with a +0 spear!
Ouch! That really hurt!
You die...

♣≈.......≈♣#.8♣
#♣♣.....♣♣##.#≈
###'######'##
##8#'#8##8...8
+.......'..... #
####8####8....
#.#≈#######≈#≈♣≈#≈######
...≈≈≈≈≈≈≈≈≈#####≈≈≈≈≈≈≈
#......@..# #.........##
#######g.## ##...†...##
##.# ##...[.## #.#
##.†.## #.# ##'## ###.#
#.# #...# #.######
#.###### ##.#.(... #.#
#.# ##....####


You could see a gnoll.

Vanquished Creatures
  2 bat zombies (D:1)
  2 goblins (D:1)
  A ball python (D:1)
  A bat (D:1)
  A frilled lizard (D:1)
7 creatures vanquished.

Notes
Turn   | Place    | Note
-------+----------+-------------------------------------------
     0 | D:1      | Teknotikka the Felid Berserker began the quest for the Orb.
     0 | D:1      | Reached XP level 1. HP: 10/10 MP: 2/2
   181 | D:1      | Mangled by a gnoll

Levels and vault maps discovered:
D:1:      saegor_arrival_fortress, layout_loops_corners

Action                   || total
-------------------------++-------
Melee: Unarmed           ||    14
       Bite              ||     1
 Stab: Sleeping          ||     3
Armor: Skin              ||     1
Dodge: Dodged            ||    16

Table legend:
 A = Non-vault XP
 B = Vault XP
 C = Vault XP percentage of total XP
 D = Non-vault monster count
 E = Vault monster count
 F = Vault count percentage of total count
                 A         B        C        D         E       F
            +---------+---------+-------+---------+---------+-------
      Total |       6 |       4 |  40.0 |       5 |       2 |  28.6
            +---------+---------+-------+---------+---------+-------
        D:1 |       6 |       4 |  40.0 |       5 |       2 |  28.6
            +---------+---------+-------+---------+---------+-------
